 Dungeon Crawl Stone Soup version 0.25.0-9-g26727b657a (webtiles) character file.

Game seed: 7572948852857704290

838 Esekla the Cutter (level 7, -5/52 HPs)
             Began as a Demonspawn Enchanter on June 18, 2020.
             Was a Believer of Ashenzari.
             Slain by Menkaure (11 damage)
             ... on level 5 of the Dungeon.
             The game lasted 00:30:14 (4788 turns).

Esekla the Cutter (Demonspawn Enchanter)            Turns: 4788, Time: 00:30:15

Health: -5/52      AC:  9    Str:  9    XL:     7   Next: 67%
Magic:  10/10      EV: 13    Int: 16    God:    Ashenzari [**....]
Gold:   288        SH:  0    Dex: 15    Spells: 6/10 levels left

rFire    . . .     SeeInvis .   v - +2 trident (venom)
rCold    . . .     Gourm    .   (no shield)
rNeg     . . .     Faith    .   s - +0 leather armour
rPois    .         Spirit   .   (no helmet)
rElec    .         Reflect  .   (no cloak)
rCorr    .         Harm     .   (no gloves)
MR       .....                  (no boots)
Stlth    ++........             q - amulet of regeneration
HPRegen  0.57/turn              n - +4 ring of protection
MPRegen  0.12/turn              u - ring of wizardry

@: no status effects
A: hooves 1, slimy green scales 1, powered by death 1, spiny 1
a: Curse Item, Scrying, Renounce Religion


You were on level 5 of the Dungeon.
You worshipped Ashenzari.
Ashenzari was pleased with you.
You were hungry.

You visited 1 branch of the dungeon, and saw 5 of its levels.

You collected 288 gold pieces.

Inventory:

Hand Weapons
 a - a +1 dagger
 v - a +2 trident of venom (weapon)
Missiles
 c - 5 boomerangs (quivered)
Armour
 s - a +0 leather armour (worn)
Jewellery
 n - a +4 ring of protection (left hand)
 q - an amulet of regeneration (around neck)
 u - a ring of wizardry (right hand)
Wands
 r - a wand of enslavement (9)
Scrolls
 e - 3 scrolls of teleportation {unknown}
 f - 2 scrolls of blinking {unknown}
 i - 7 scrolls of identify
 j - 5 scrolls of remove curse
 k - 3 scrolls of enchant weapon {unknown}
 m - 2 scrolls of amnesia {unknown}
 p - a scroll of random uselessness {unknown}
 t - 2 scrolls of fear {unknown}
Potions
 b - a potion of mutation
 g - a potion of cancellation
 h - 2 potions of flight
 l - a potion of might
 o - a potion of magic
Comestibles
 d - 7 rations


   Skills:
 + Level 3.4 Fighting
 + Level 4.6 Short Blades
 * Level 1.1 Polearms
 + Level 1.0 Armour
 + Level 4.0 Dodging
 + Level 4.2 Stealth
 + Level 2.3 Spellcasting
 + Level 3.0 Hexes


You had 6 spell levels left.
You knew the following spells:

 Your Spells              Type           Power        Failure   Level  Hunger
a - Corona                Hex            ##.....      3%          1    #......
b - Tukima's Dance        Hex            ##......     10%         3    ###....

Your spell library contained the following spells:

 Spells                   Type           Power        Failure   Level  Hunger
 Ensorcelled Hibernation  Hex/Ice        #.....       9%          2    ###....
 Confusing Touch          Hex            ##......     10%         3    ###....
 Dazzling Flash           Conj/Hex       #.....       17%         3    ###....


Dungeon Overview and Level Annotations

Branches:
Dungeon (5/15)             Temple (0/1) D:4

Altars:
Ashenzari
Qazlal
Trog
Zin

Annotations:
D:5 Menkaure


Innate Abilities, Weirdness & Mutations

You have large cloven feet.
You are partially covered in slimy green scales. (AC +2)
You regenerate a little health from kills.
You are partially covered in sharp spines.


Message History

You climb upwards.
There is a stone staircase leading down here.
HP restored.
Done exploring.
(D) Dungeon (T) Temple
Where to? (Enter - D:5, ? - help)
You climb downwards.
Level annotation: Menkaure Menkaure is too close now for your liking.
There is a stone staircase leading up here.
Menkaure calls on the powers of darkness!
Your body is wracked with pain!
You hit Menkaure. You kick Menkaure, but do no damage.
Menkaure is lightly damaged.
Menkaure hits you!!
* * * LOW HITPOINT WARNING * * *
You completely miss Menkaure.
Menkaure is lightly damaged.
Menkaure hits you!
You die...

#...... #...... #.....#
#.....# ..#.....#
...####M# ..
#.########## #. #.
#o#<.......# #.###.##
#.#.@......# #.#......#
#.#.M......#
##.#....#.###.##.......#
.#.##..................#
.#.##.#....##.##.......#
.#.##.###..##.##########
.#.##......##.#
)#.####.(..##.#
.'......#...#.#


You could see Menkaure (fast).

Vanquished Creatures
  Grinder (D:5)
  2 eyes of draining (D:4)
  A bullfrog (D:5)
  A bullfrog zombie (D:5)
  A bullfrog skeleton (D:4)
  An orc priest (D:4)
  2 orc wizards
  Terence (D:3)
  2 worker ants
  A gnoll (D:4)
  7 adders
  2 adder skeletons
  6 worms
  3 leopard geckos
  12 orcs
  2 ball pythons
  6 bats
  10 giant cockroaches
  6 goblins
  2 hobgoblins
  10 jackals
  A quokka (D:4)
  7 frilled lizards
  A jackal skeleton (D:4)
  7 kobolds
  5 rats
100 creatures vanquished.

Notes
Turn   | Place    | Note
-------+----------+-------------------------------------------
     0 | D:1      | Esekla the Demonspawn Enchanter began the quest for the
                  | Orb.
     0 | D:1      | Reached XP level 1. HP: 13/13 MP: 3/3
   508 | D:1      | Gained mutation: You are partially covered in slimy green
                  | scales. (AC +2) [demonic ancestry]
   508 | D:1      | Reached XP level 2. HP: 3/20 MP: 5/5
  1405 | D:1      | Reached skill level 1 in Fighting
  1405 | D:1      | Reached skill level 1 in Short Blades
  1638 | D:2      | Gained mutation: You are partially covered in sharp spines.
                  | [demonic ancestry]
  1638 | D:2      | Reached XP level 3. HP: 21/26 MP: 6/6
  2096 | D:2      | Found a faded altar of an unknown god.
  2138 | D:2      | Became a worshipper of Ashenzari the Shackled
  2138 | D:2      | Reached * piety under Ashenzari
  2174 | D:2      | Found a stormy altar of Qazlal.
  2546 | D:3      | Reached XP level 4. HP: 32/32 MP: 7/7
  2975 | D:3      | Noticed Terence
  3023 | D:3      | Killed Terence
  3023 | D:3      | Gained mutation: You regenerate a little health from kills.
                  | [demonic ancestry]
  3023 | D:3      | Reached XP level 5. HP: 16/38 MP: 8/8
  3039 | D:3      | Found a glowing silver altar of Zin.
  3605 | D:4      | Noticed an eye of draining
  3607 | D:4      | Noticed an eye of draining
  3612 | D:4      | Found a bloodstained altar of Trog.
  3650 | D:4      | Killed an eye of draining
  3650 | D:4      | Gained mutation: You have large cloven feet. [demonic
                  | ancestry]
  3650 | D:4      | Reached XP level 6. HP: 46/46 MP: 0/9
  3842 | D:4      | Learned a level 3 spell: Tukima's Dance
  4163 | D:4      | Found a staircase to the Ecumenical Temple.
  4245 | D:4      | Found a shattered altar of Ashenzari.
  4255 | D:4      | Reached XP level 7. HP: 52/52 MP: 10/10
  4382 | D:5      | Entered Level 5 of the Dungeon
  4427 | D:5      | Reached ** piety under Ashenzari
  4506 | D:5      | Noticed Grinder
  4593 | D:4      | HP: 2/52 [poisoned by an orc]
  4706 | D:5      | Paralysed by Grinder for 6 turns
  4715 | D:5      | Killed Grinder
  4715 | D:5      | Reached skill level 1 in Polearms
  4738 | D:5      | Reached skill level 1 in Armour
  4760 | D:5      | Noticed Menkaure
  4788 | D:5      | Slain by Menkaure

Illustrated notes

Levels and vault maps discovered:
D:1:      dpeg_arrival_round_c, layout_basic
D:2:      minmay_roachtagon, layout_rooms, overflow_temple_1_default,
          first_ration, chequers_ecumenical_altar_simple
D:3:      layout_basic, lemuel_doored_altar, uniq_terence
D:4:      layout_rooms, ashenzari_conservatory_becter,
          minmay_temple_entry_waves, trog_eyes_of_draining
D:5:      layout_basic, uniq_grinder, uniq_menkaure

Skill      XL: |  1  2  3  4  5  6  7 |
---------------+----------------------+-----
Dodging        | 2 3 4 |  4.0
Fighting       | 1 2 3 |  3.4
Short Blades   | 1 2 3 4 |  4.6
Stealth        | 3 4 |  4.2
Polearms       | 1 |  1.1
Armour         | 1 |  1.0
Spellcasting   | |  2.3
Hexes          | |  3.0

Action                   |  1- 3 |  4- 6 |  7- 9 || total
-------------------------+-------+-------+-------++-------
Melee: Dagger            |   226 |   262 |    30 ||   518
       Kick              |       |    25 |    11 ||    36
       Trident           |       |       |    13 ||    13
 Cast: Corona            |     3 |       |       ||     3
  Use: Scroll            |       |       |     6 ||     6
       Potion            |       |       |     1 ||     1
 Stab: Sleeping          |     3 |     5 |     1 ||     9
  Eat: Chunk             |     5 |     6 |     1 ||    12
Armor: Robe              |    58 |    28 |       ||    86
       Leather armour    |       |    15 |    18 ||    33
Dodge: Dodged            |   142 |    70 |    29 ||   241
